 Dungeon Crawl Stone Soup version 0.29-a0-923-g6e406bff71 (webtiles) character file.

Game seed: 879375470205939003

559 Garessta the Caller (level 7, -2/41 HPs)
             Began as an Octopode Summoner on July 28, 2022.
             Killed by divine providence
             ... invoked by an orc priest
             ... summoned by an orc
              (14 damage)
             ... on level 4 of the Dungeon.
             The game lasted 00:10:38 (2712 turns).

Garessta the Caller (Octopode Summoner)             Turns: 2712, Time: 00:10:39

Health: -2/41      AC: 12    Str:  7    XL:     7   Next: 31%
Magic:  3/13       EV: 13    Int: 20    God:
Gold:   113        SH:  0    Dex: 12    Spells: 3/15 levels left

rFire   . . .      SeeInvis .   v - +5 short sword (protect)
rCold   + . .      Faith    .   (no shield)
rNeg    . . .      Spirit   .   (helmet restricted)
rPois   .          Reflect  .   (no amulet)
rElec   .          Harm     .   e - +4 ring of protection
rCorr   .          Rampage  .   r - ring of protection from cold
Will    .....                   (no ring)
Stlth   +++.......              (no ring)
HPRegen 0.13/turn               (no ring)
MPRegen 0.13/turn               (no ring)
                                (no ring)
                                (no ring)

@: under a protective aura, attractive
A: almost no armour, amphibious, 8 rings, camouflage 1, gelatinous body 1,
(nimble swimmer 1), tentacles
a: no special abilities


You were on level 4 of the Dungeon.
You visited 1 branch of the dungeon, and saw 4 of its levels.

You collected 113 gold pieces.

Inventory:

Hand Weapons
 v - a +5 short sword of protection (weapon)
Armour
 f - a +1 tower shield
Jewellery
 e - a +4 ring of protection (left tentacle)
 n - a ring of ice
 r - a ring of protection from cold (right tentacle)
Scrolls
 s - 2 scrolls of noise
 t - a scroll of fear
Potions
 a - a potion of magic
 b - a potion of degeneration {unknown}
 d - 6 potions of curing
 h - a potion of invisibility {unknown}
 j - a potion of attraction
 u - a potion of heal wounds {unknown}


   Skills:
 - Level 2.0 Dodging
 - Level 2.6 Stealth
 + Level 4.5 Spellcasting
 + Level 3.1 Hexes
 + Level 6.2 Summonings
 + Level 1.1 Air Magic


You had 3 spell levels left.
You knew the following spells:

 Your Spells              Type           Power      Damage    Failure   Level
a - Call Canine Familiar  Summ           29%        N/A       2%          3
b - Summon Guardian Gole  Hex/Summ       23%        N/A       5%          3
c - Summon Lightning Spi  Summ/Air       19%        N/A       26%         4
d - Call Imp              Summ           29%        N/A       1%          2

Your spell library contained the following spells:

 Spells                   Type           Power      Damage    Failure   Level
 Summon Small Mammal      Summ           100%       N/A       1%          1
 Ensorcelled Hibernation  Hex/Ice        20%        N/A       10%         2
 Passwall                 Tmut/Erth      3%         N/A       19%         2
 Swiftness                Air            9%         N/A       22%         3


Dungeon Overview and Level Annotations

Branches:
Dungeon (4/15)
 Temple: D:4-7

Altars:
Dithmenos

Annotations:
D:4 2 runed translucent doors, Ajdolov's ghost, novice VSFi; Natasha


Innate Abilities, Weirdness & Mutations

You cannot wear most types of armour.
You are amphibious.
You can wear up to eight rings at the same time.
Your skin changes colour to match your surroundings (Stealth+).
Your rubbery body absorbs attacks. (AC +1, EV +1)
((You are camouflaged when in or above water. (Stealth+)))
You have tentacles for arms and can constrict up to eight enemies at once.


Message History

The orc priest is moderately wounded.
You constrict the orc priest. The orc priest misses you.
Something completely misses your white imp.
Unknown command.
You puncture the orc priest!
You squeeze the orc priest, but do no damage.
The orc priest is almost dead.
You constrict the orc priest, but do no damage.
The orc priest hits you with a +0 flail.
The orc hits you but does no damage.
Something hits your white imp but does no damage.
The orc priest invokes the aid of Beogh against you.
Beogh smites you!
You hit the orc priest but do no damage.
You squeeze the orc priest, but do no damage.
The orc priest is almost dead.
You constrict the orc priest, but do no damage.
Something hits your white imp but does no damage.
The orc closely misses you.
The orc hits your guardian golem but does no damage.
The orc priest closely misses you.
You hit the orc priest but do no damage.
You squeeze the orc priest.
You kill the orc priest!
The orc completely misses you. Something hits your white imp.
The orc hits your guardian golem with a +0 club.
Unknown command.
The orc attacks as you move away! The orc hits you with a +0 dagger.
* * * LOW HITPOINT WARNING * * *
Something hits your white imp.
Unknown command.
You swap places.
The orc priest hits your hound with a +0 short sword.
Something hits your white imp but does no damage.
Unknown command.
It was a potion of attraction.
You feel attractive to monsters.
The orc priest invokes the aid of Beogh against you.
Beogh smites you!
You die...

#.......# .
###.##### ..#
##.# ....####..#
.......#.#######
.......)†.o)...#
..o####o§.####{#
§§.§§# #5#
§§§.§§.##@#
h§§.§§§)#h#
.)..o§..o.#
....§...9o.#
.§§§.§§.....#
§§§§§.### §§§§§#
....§# #..


You could see an orc priest (summoned), an orc, a friendly guardian golem
(summoned), a friendly hound (summoned, sheltered) and a friendly white imp
(summoned, sheltered).

Vanquished Creatures
  An ice beast (D:4)
  An ogre (D:4)
  A phantom (D:4)
  An orc priest (D:4)
  An orc wizard (D:4)
  An adder (D:4)
  A dart slug (D:1)
  An orc (D:4)
  2 bats
  An endoplasm (D:4)
  2 goblins
  A hobgoblin (D:2)
  A jackal (D:1)
  A kobold (D:4)
  2 ball pythons
  2 frilled lizards
  2 rats
22 creatures vanquished.

Vanquished Creatures (collateral kills)
  A bullfrog (D:4)
  A howler monkey (D:4)
  4 adders
  3 worms
  4 dart slugs
  3 orcs (D:4)
  6 endoplasms
  A giant cockroach (D:1)
  6 goblins
  7 hobgoblins
  5 jackals
  A quokka (D:1)
  8 ball pythons
  A bat (D:3)
  A frilled lizard (D:1)
  5 kobolds
  3 rats (D:1)
60 creatures vanquished.

Grand Total: 82 creatures vanquished

Notes
Turn   | Place    | Note
-------+----------+-------------------------------------------
     0 | D:1      | Garessta the Octopode Summoner began the quest for the Orb.
     0 | D:1      | Reached XP level 1. HP: 11/11 MP: 3/3
   111 | D:1      | Reached XP level 2. HP: 17/17 MP: 1/5
   232 | D:1      | Learned a level 2 spell: Call Imp
   379 | D:1      | Found a faded altar of an unknown god.
   734 | D:1      | Reached XP level 3. HP: 21/21 MP: 3/6
   738 | D:1      | Learned a level 3 spell: Call Canine Familiar
  1676 | D:2      | Reached XP level 4. HP: 27/27 MP: 4/8
  1851 | D:2      | Reached skill level 5 in Summonings
  2173 | D:3      | Learned a level 3 spell: Summon Guardian Golem
  2312 | D:3      | You fall into a shaft and drop 1 floor!
  2313 | D:4      | Found a large runed translucent door.
  2313 | D:4      | Found a large runed translucent door.
  2323 | D:4      | Noticed Ajdolov's ghost (novice VSFi)
  2323 | D:4      | Noticed an ice beast
  2329 | D:4      | Noticed an ogre
  2363 | D:4      | Killed an ogre
  2364 | D:4      | Reached skill level 1 in Hexes
  2364 | D:4      | Reached XP level 5. HP: 19/31 MP: 2/10
  2381 | D:4      | Killed an ice beast
  2382 | D:4      | Reached XP level 6. HP: 8/36 MP: 4/12
  2614 | D:4      | Reached skill level 6 in Summonings
  2633 | D:4      | Learned a level 4 spell: Summon Lightning Spire
  2655 | D:4      | Found a shadowy altar of Dithmenos.
  2669 | D:4      | Reached XP level 7. HP: 36/41 MP: 5/13
  2677 | D:4      | Reached skill level 1 in Air Magic
  2679 | D:4      | Noticed Natasha
  2712 | D:4      | Killed from afar by an orc priest

Illustrated notes

Levels and vault maps discovered:
D:1:      ebering_trefoil_3fold, layout_basic,
          hellmonk_ecumenical_altar_pennies_from_heaven, minmay_box_of_dots
D:2:      layout_rooms, st_stairs_12, minmay_misc_feat_secret_circle
D:3:      layout_loops_cross, st_stairs_7, kennysheep_cluttered_room
D:4:      layout_rooms, nicolae_dithmenos_the_darkroom,
          ebering_ghost_disaster_area, enter_ossuary_1,
          minmay_manual_monstrance, uniq_natasha, uniq_blork_the_orc

Skill      XL: |  1  2  3  4  5  6  7 |
---------------+----------------------+-----
Spellcasting   | 3 4 |  4.5
Summonings     | 5 6 |  6.2
Hexes          | 1 2 3 |  3.1
Air Magic      | 1 |  1.1
Dodging        | |  2.0
Stealth        | |  2.6

Action                   |  1- 3 |  4- 6 |  7- 9 || total
-------------------------+-------+-------+-------++-------
Melee: Unarmed           |    29 |    16 |       ||    45
       Constrict         |    11 |     6 |     2 ||    19
       Tentacles         |     3 |     8 |     7 ||    18
       Punch             |     1 |       |     1 ||     2
       Short sword       |       |    22 |    11 ||    33
 Cast: Summon Small Mamm |    12 |       |       ||    12
       Call Imp          |    19 |    12 |     1 ||    32
       Call Canine Famil |     4 |     7 |     1 ||    12
       Summon Guardian G |       |     1 |     1 ||     2
  Use: Scroll            |       |    12 |       ||    12
       Potion            |       |       |     1 ||     1
 Stab: Sleeping          |     4 |     2 |       ||     6
Armor: Skin              |     4 |     9 |     3 ||    16
Dodge: Dodged            |    29 |    26 |     7 ||    62

Table legend: (Time is in decaauts)
 A = Elapsed time spent in this place.
 B = Non-inter-level travel time spent in this place.
 C = Inter-level travel time spent in this place.
 D = Time resting spent in this place.
 E = Time spent auto-exploring this place.
 F = Levels seen in this place.
 G = Mean time per level.
                   A        B        C        D        E       F      G
               +--------+--------+--------+--------+--------+-----+--------+
         Total |   2713 |   2635 |     78 |    178 |   1734 |   4 |  678.2 |
       Dungeon |   2713 |   2635 |     78 |    178 |   1734 |   4 |  678.2 |
               +--------+--------+--------+--------+--------+-----+--------+

Top non-repeatable levels by time:
     D:1: 1402 daAuts
     D:2: 671 daAuts
     D:4: 403 daAuts
     D:3: 237 daAuts
